 Dungeon Crawl Stone Soup version 0.23-a0-183-gf37f6fb (webtiles) character file.

12273 KristoblXynda the Grappler (level 11, 0/100 HPs)
             Began as a Troll Wizard on Sept 22, 2018.
             Was a High Priest of Cheibriados.
             Slain by a white ugly thing (27 damage)
             ... on level 12 of the Dungeon.
             The game lasted 00:32:27 (11149 turns).

KristoblXynda the Grappler (Troll Wizard)          Turns: 11149, Time: 00:32:29

Health: 0/100      AC: 15    Str: 29    XL:     11   Next: 60%
Magic:  11/14      EV: 12    Int: 31    God:    Cheibriados [*****.]
Gold:   759        SH:  0    Dex: 20    Spells: 7/14 levels left

rFire    . . .     SeeInvis .     - Unarmed
rCold    . . .     Gourm    +   (no shield)
rNeg     . . .     Faith    .   a - +0 robe
rPois    .         Spirit   .   b - +1 hat
rElec    .         Reflect  .   l - +0 cloak
rCorr    +         Harm     .   (gloves unavailable)
MR       +....                  (boots unavailable)
Stlth    +.........             (no amulet)
HPRegen  0.66/turn              D - +6 ring of protection
MPRegen  0.14/turn              C - ring of resist corrosion

@: confused, very slow
A: large, unfitting armour, claws 3, talons 2, slimy green scales 1, clever 1,
fast metabolism 3, gourmand, magic resistance 1, regeneration 1, shaggy fur 1,
tough skin 2
a: Bend Time, Temporal Distortion, Slouch, Step From Time, Renounce Religion


You were on level 12 of the Dungeon.
You worshipped Cheibriados.
Cheibriados was extremely pleased with you.
You were completely stuffed.

You visited 2 branches of the dungeon, and saw 13 of its levels.
You also visited: Sewer.

You collected 759 gold pieces.

Inventory:

Hand Weapons
 f - the +6 war axe of Dismemberment {antimagic, MR+}
   (You found it on level 7 of the Dungeon)

   It reduces the magical energy of the wielder, and disrupts the spells and
   magical abilities of those hit.
   Natural abilities and divine invocations are not affected.
   It affects your resistance to hostile enchantments.
 w - a +0 whip of freezing
Missiles
 z - a throwing net (quivered)
Armour
 a - a +0 robe (worn)
 b - a +1 hat (worn)
 l - a +0 cloak (worn)
Jewellery
 x - an uncursed ring of positive energy
 C - a ring of resist corrosion (right claw)
 D - a +6 ring of protection (left claw)
Wands
 m - a wand of acid (8)
Scrolls
 g - 2 scrolls of teleportation
 h - 4 scrolls of remove curse
 k - a scroll of fear
 p - 3 scrolls of fog
 s - 3 scrolls of magic mapping
 t - 3 scrolls of blinking
 y - a scroll of enchant armour
 F - a scroll of immolation
Potions
 c - a potion of cancellation {unknown}
 e - 4 potions of might
 i - 2 potions of brilliance {unknown}
 j - 2 potions of haste
 n - 4 potions of curing
 o - a potion of resistance
 q - 4 potions of magic
 r - a potion of heal wounds
 u - a potion of degeneration {unknown}
 v - a potion of lignification {unknown}
 A - a potion of mutation
Miscellaneous
 B - a crystal ball of energy
Comestibles
 d - 28 rations
 E - 3 chunks of flesh


   Skills:
 - Level 4.0 Fighting
 + Level 1.3 Maces & Flails
 - Level 4.2 Dodging
 - Level 1.0 Stealth
 - Level 10.1 Unarmed Combat
 + Level 2.3 Spellcasting
 - Level 8.5 Conjurations
 - Level 3.0 Charms
   Level 0.6 Summonings
   Level 0.6 Translocations
 + Level 5.7 Invocations
 + Level 1.8 Evocations


You had 7 spell levels left.
You knew the following spells:

 Your Spells              Type           Power        Failure   Level  Hunger
b - Mephitic Cloud        Conj/Pois/Air  ###.....     7%          3    ###....
c - Infusion              Chrm           ###.         1%          1    None
d - Tukima's Dance        Hex            #.......     22%         3    ###....

Your spell library contained the following spells:

 Spells                   Type           Power        Failure   Level  Hunger
 Magic Dart               Conj           ####         1%          1    None
 Conjure Flame            Conj/Fire      ####....     3%          3    ###....
 Dazzling Spray           Conj/Hex       ####..       3%          3    ###....
 Summon Small Mammal      Summ           #...         5%          1    None
 Corona                   Hex            #......      8%          1    None
 Blink                    Tloc           N/A          9%          2    ##.....
 Call Imp                 Summ           #.......     9%          2    ##.....
 Ensorcelled Hibernation  Hex/Ice        #.....       11%         2    ##.....
 Slow                     Hex            #.......     11%         2    ##.....
 Call Canine Familiar     Summ           #.......     17%         3    ###....
 Summon Guardian Golem    Hex/Summ       #.......     19%         3    ###....
 Confuse                  Hex            #.......     22%         3    ###....
 Summon Ice Beast         Ice/Summ       #.......     54%         4    ####...
 Summon Lightning Spire   Summ/Air       #.......     54%         4    ####...


Dungeon Overview and Level Annotations

Branches:
Dungeon (12/15)            Temple (1/1) D:7            Lair (0/6) D:10
    Orc: D:9-12

Altars:
Ashenzari
Cheibriados
Dithmenos
Elyvilon
Fedhas
Gozag
Hepliaklqana
Kikubaaqudgha
Makhleb
Nemelex Xobeh
Okawaru
Qazlal
Ru
Sif Muna
Uskayaw
Vehumet
Wu Jian
Xom
Yredelemnul
Zin
The Shining One

Shops:
D:5 !   D:7 **:}   D:10 *(=   D:11 (

Annotations:
D:10 2 transporters, Nib's ghost, journeyman CeHu


Innate Abilities, Weirdness & Mutations

You are too large for most types of armour.
You have claws for hands.
Your metabolism is lightning-fast.
You like to eat raw meat.
Your natural rate of healing is unusually fast.
You are covered in fur. (AC +1)
You have very tough skin. (AC +2)
You have razor-sharp toenails.
You are partially covered in slimy green scales. (AC +2)
Your mind is acute. (Int +2)
You are resistant to hostile enchantments. (MR+)


Message History

The stinking cloud engulfs you!
You are engulfed in noxious fumes.
You choke on the stench!
You are confused.
You hear a shout!
The white ugly thing is engulfed in noxious fumes.
The white ugly thing appears confused.
A jelly comes into view.
You are engulfed in noxious fumes.
The white ugly thing claws you! The white ugly thing freezes you!!
* * * LOW HITPOINT WARNING * * *
You feel better.
You are engulfed in noxious fumes.
You choke on the stench!
You are confused.
The white ugly thing claws you but does no damage.
You feel better.
You are engulfed in noxious fumes.
You choke on the stench!
You are confused.
The white ugly thing seems less confused.
The white ugly thing claws you.
* * * LOW HITPOINT WARNING * * *
The white ugly thing freezes you!!
You die...

..............#
###.###.......##....
# #. #.......##...#
# # #.......##...# #
#.......##...# #
#.......##J..# #
#.......##...# #
#.......##...# #
#.......##@u.# ..
#.###...##ยง..#...
.. #.# #...........#
.. ..# #..###......#
## ... #..# #...##.#
# .## #..# #...# #
...# #...# ....#
#...# ####.# #...#


You could see a white ugly thing and a jelly.

Vanquished Creatures
  2 two-headed ogres
  An unseen horror (D:11)
  Pikel (D:6)
  A manticore (D:11)
  A cyclops (D:9)
  An ugly thing (D:11)
  A komodo dragon (D:10)
  A troll (D:9)
  Prince Ribbit (D:7)
  11 yaks (D:9)
  2 wyverns
  A wraith (D:10)
  A hungry ghost (D:9)
  2 steam dragons
  4 orc warriors
  An ice beast (D:8)
  2 sky beasts
  A black bear (D:7)
  A necrophage (D:12)
  2 phantoms
  A hornet zombie (D:6)
  4 ogres
  2 crocodiles
  12 centaurs
  A big kobold (D:8)
  12 bullfrogs
  A scorpion (D:6)
  5 wights
  6 killer bees (D:7)
  5 howler monkeys
  An electric eel (D:9)
  4 crimson imps
  4 centaur zombies
  3 jellies
  A quasit (D:6)
  A bullfrog zombie (D:8)
  12 orc priests
  4 hounds
  15 orc wizards
  4 bullfrog skeletons
  2 centaur skeletons (D:12)
  2 iguanas
  10 worker ants
  A hound zombie (D:6)
  3 hound skeletons
  3 worker ant zombies
  19 adders
  3 gnolls (D:3)
  3 river rats (D:3)
  3 oozes
  3 adder skeletons
  3 worms (D:3)
  5 leopard geckos
  47 orcs
  4 ball pythons
  5 giant cockroaches
  9 goblins
  11 hobgoblins
  6 jackals (Sewer)
  4 quokkas
  8 bats
  6 frilled lizards
  A jackal zombie (D:7)
  15 kobolds
  A leopard gecko zombie (D:9)
  4 rats
  A plant (Sewer)
318 creatures vanquished.

Vanquished Creatures (others)
  2 slaves (D:6)
  A centaur (D:6)
  A scorpion (D:6)
  A wight (D:6)
  A hound (D:6)
  A worker ant zombie (D:6)
  A quokka (D:6)
  A jackal skeleton (D:6)
9 creatures vanquished.

Grand Total: 327 creatures vanquished

Notes
Turn   | Place    | Note
-------+----------+-------------------------------------------
     0 | D:1      | KristoblXynda the Troll Wizard began the quest for the Orb.
     0 | D:1      | Reached XP level 1. HP: 16/16 MP: 2/2
    55 | D:1      | Reached skill level 1 in Conjurations
    93 | D:1      | Reached skill level 1 in Unarmed Combat
   114 | D:1      | Reached XP level 2. HP: 24/24 MP: 4/4
   491 | D:2      | Reached XP level 3. HP: 24/31 MP: 5/5
   628 | D:2      | Reached skill level 2 in Unarmed Combat
   881 | D:2      | You fall through a shaft for 2 floors!
   883 | D:4      | Noticed a phantom
   897 | D:4      | Killed a phantom
   897 | D:4      | Reached skill level 3 in Unarmed Combat
   897 | D:4      | Reached XP level 4. HP: 38/39 MP: 2/6
   946 | D:3      | Reached XP level 5. HP: 40/45 MP: 7/7
   974 | D:3      | Learned a level 3 spell: Mephitic Cloud
  1123 | D:3      | Found a faded altar of an unknown god.
  1223 | D:3      | Found a hide-covered altar of Uskayaw.
  1299 | D:3      | Found a glowing drain.
  1311 | Sewer    | Entered a sewer
  1745 | Sewer    | Reached skill level 4 in Unarmed Combat
  2258 | D:3      | Reached XP level 6. HP: 52/53 MP: 8/8
  2329 | D:3      | You fall through a shaft for 2 floors!
  2329 | D:5      | Entered Level 5 of the Dungeon
  2482 | D:4      | Reached skill level 5 in Unarmed Combat
  2482 | D:4      | Reached XP level 7. HP: 52/59 MP: 1/9
  2660 | D:4      | Found an iron altar of Okawaru.
  2707 | D:4      | Found a stormy altar of Qazlal.
  3864 | D:5      | Found Zogon's Distillery.
  4003 | D:4      | Reached skill level 6 in Unarmed Combat
  4345 | D:5      | Found a deep blue altar of Sif Muna.
  4438 | D:5      | Identified Sif Muna's Reference Book on Protection
  4475 | D:5      | Learned a level 1 spell: Infusion
  4544 | D:6      | Reached XP level 8. HP: 44/67 MP: 4/10
  4626 | D:6      | Noticed Pikel
  4639 | D:6      | Reached skill level 5 in Conjurations
  4653 | D:6      | Killed Pikel
  4653 | D:6      | Reached skill level 7 in Unarmed Combat
  4942 | D:6      | Reached XP level 9. HP: 74/74 MP: 11/11
  5093 | D:6      | Found a glowing golden altar of the Shining One.
  5095 | D:6      | Found a glowing silver altar of Zin.
  5099 | D:6      | Found a deep blue altar of Sif Muna.
  5564 | D:7      | Found Ubuocof's Book Boutique.
  5623 | D:7      | Reached skill level 8 in Unarmed Combat
  5638 | D:7      | Reached skill level 1 in Fighting
  5917 | D:7      | Found Qysist's General Store.
  6051 | D:7      | Found a staircase to the Ecumenical Temple.
  6059 | Temple   | Entered the Ecumenical Temple
  6225 | Temple   | Became a worshipper of Cheibriados the Contemplative
  6419 | D:7      | Got a translucent war axe
  6442 | D:7      | Identified the +6 war axe of Dismemberment {antimagic, MR+}
                  | (You found it on level 7 of the Dungeon)
  6688 | D:7      | Noticed Prince Ribbit
  6711 | D:7      | Killed Prince Ribbit
  6711 | D:7      | Reached skill level 9 in Unarmed Combat
  6820 | D:7      | Found Pyhawoum's Gadget Boutique.
  6968 | D:7      | Found Tufibire's Assorted Antiques.
  7103 | D:8      | Reached XP level 10. HP: 68/91 MP: 12/12
  7147 | D:8      | Reached * piety under Cheibriados
  7745 | D:9      | Reached ** piety under Cheibriados
  7803 | D:9      | Reached skill level 1 in Invocations
  8072 | D:9      | Gained mutation: You are weak. (Str -2) [potion of
                  | mutation]
  8072 | D:9      | Gained mutation: You are resistant to hostile enchantments.
                  | (MR+) [potion of mutation]
  8072 | D:9      | Gained mutation: You are robust. (+10% HP) [potion of
                  | mutation]
  8073 | D:9      | Lost mutation: You are resistant to hostile enchantments.
                  | (MR+) [potion of mutation]
  8073 | D:9      | Lost mutation: You are robust. (+10% HP) [potion of
                  | mutation]
  8073 | D:9      | Gained mutation: Your mind is acute. (Int +2) [potion of
                  | mutation]
  8073 | D:9      | Gained mutation: You are very weak. (Str -4) [potion of
                  | mutation]
  8073 | D:9      | Gained mutation: You have sharp toenails. [potion of
                  | mutation]
  8073 | D:9      | Gained mutation: You are resistant to hostile enchantments.
                  | (MR+) [potion of mutation]
  8074 | D:9      | Lost mutation: You are very weak. (Str -4) [potion of
                  | mutation]
  8074 | D:9      | Lost mutation: You are weak. (Str -2) [potion of mutation]
  8074 | D:9      | Gained mutation: You evolve. [potion of mutation]
  8074 | D:9      | Gained mutation: You have razor-sharp toenails. [potion of
                  | mutation]
  8074 | D:9      | Gained mutation: You are partially covered in slimy green
                  | scales. (AC +2) [potion of mutation]
  8449 | D:9      | Reached skill level 10 in Unarmed Combat
  8512 | D:9      | Lost mutation: You evolve. [evolution]
  8678 | D:9      | Noticed a cyclops
  8683 | D:9      | Killed a cyclops
  8780 | D:9      | Learned a level 3 spell: Tukima's Dance
  8808 | D:10     | Entered Level 10 of the Dungeon
  8809 | D:10     | Found Zukleib's Assorted Antiques.
  8815 | D:10     | Reached *** piety under Cheibriados
  8975 | D:10     | Found a transporter.
  8975 | D:10     | Noticed Nib's ghost (journeyman CeHu)
  8978 | D:10     | Noticed a fire dragon
  8990 | D:10     | Found a transporter.
  8990 | D:10     | Found Noustryh's Weapon Boutique.
  9112 | D:10     | Reached XP level 11. HP: 100/100 MP: 13/13
  9308 | D:10     | Found Tepir's Jewellery Shoppe.
  9395 | D:10     | Reached **** piety under Cheibriados
  9455 | D:10     | Noticed a two-headed ogre
  9466 | D:10     | Killed a two-headed ogre
  9596 | D:10     | Found a staircase to the Lair.
  9918 | D:11     | Noticed a green ugly thing
  9934 | D:11     | Killed a green ugly thing
 10007 | D:11     | Reached skill level 5 in Invocations
 10014 | D:11     | Found Eshreh's Antique Weapon Boutique.
 10297 | D:11     | Reached ***** piety under Cheibriados
 10333 | D:11     | Killed an unseen horror
 10333 | D:11     | Reached skill level 1 in Evocations
 10849 | D:12     | Noticed a two-headed ogre
 10867 | D:12     | Killed a two-headed ogre
 10867 | D:12     | Reached skill level 1 in Maces & Flails
 11143 | D:12     | Noticed a white ugly thing
 11149 | D:12     | Slain by a white ugly thing

Vault maps used:
D:1:      lightli_molten_gateway
D:2:      cheibrodos_helix_gallery, lightli_temple_of_fire,
          kennysheep_generic_room_8
D:3:      lemuel_round_altar, first_ration, lightli_sewer_entry_pipes,
          chequers_ecumenical_altar_simple_redux
D:4:      lemuel_round_altar, corexii_item_surrounded_by_moat,
          okawaru_metal_pillars_1_2
D:5:      serial_shops, shop, led_sif_book
D:6:      minitemple, nzn_random_ring, uniq_pikel
D:7:      minmay_temple_entry_nine_rooms, serial_shops, shop,
          nicolae_shop_stone, nicolae_shop_behind_doors, shop, grunt_ogre_cave,
          uniq_prince_ribbit1
D:9:      lightli_minifort
D:10:     erik_lair_dragon, gammafunk_ghost_arena, serial_shops, shop,
          nicolae_shop_stone, nicolae_shop_behind_doors
D:11:     serial_column_ruins, serial_shops, shop
D:12:     orc_0_dummy
Temple:   eino_temple_rhombus
Sewer:    sewer_co_scattered_pipes

Skill      XL: |  1  2  3  4  5  6  7  8  9 10 11 |
---------------+----------------------------------+-----
Conjurations   | 1 2 3 4 5 7 8 |  8.5
Unarmed Combat | 1 3 4 5 6 7 9 10 | 10.1
Charms         | 2 3 |  3.0
Fighting       | 3 4 |  4.0
Invocations    | 4 5 |  5.7
Dodging        | 2 4 |  4.2
Evocations     | 1 |  1.8
Maces & Flails | 1 |  1.3
Stealth        | |  1.0
Spellcasting   | |  2.3
Summonings     | |  0.6
Translocations | |  0.6

Action                   |  1- 3 |  4- 6 |  7- 9 | 10-12 || total
-------------------------+-------+-------+-------+-------++-------
Melee: Unarmed           |   125 |   173 |   415 |   357 ||  1070
       Dagger            |       |    11 |       |       ||    11
       Punch             |       |     1 |    10 |    21 ||    32
       Kick              |       |       |       |    84 ||    84
 Cast: Magic Dart        |     1 |     1 |       |     1 ||     3
       Mephitic Cloud    |       |     3 |     4 |    15 ||    22
       Infusion          |       |       |     5 |     4 ||     9
Evoke: Wand              |       |       |       |     7 ||     7
  Use: Scroll            |       |     9 |     8 |     5 ||    22
       Potion            |       |     1 |     3 |     7 ||    11
 Stab: Sleeping          |     1 |     3 |     4 |     1 ||     9
       Confused          |       |     1 |       |    13 ||    14
  Eat: Chunk             |    14 |    14 |    49 |    34 ||   111
Armor: Robe              |    54 |    68 |   179 |   167 ||   468
Dodge: Dodged            |    63 |    64 |   190 |   149 ||   466

Table legend:
 A = Non-vault XP
 B = Vault XP
 C = Vault XP percentage of total XP
 D = Non-vault monster count
 E = Vault monster count
 F = Vault count percentage of total count
                 A         B        C        D         E       F
            +---------+---------+-------+---------+---------+-------
      Total |   14640 |    2894 |  16.5 |     271 |      47 |  14.8
            +---------+---------+-------+---------+---------+-------
        D:1 |      30 |       0 |   0.0 |      17 |       0 |   0.0
        D:2 |      31 |       2 |   6.1 |      10 |       1 |   9.1
        D:3 |     135 |      78 |  36.6 |      29 |       9 |  23.7
        D:4 |     447 |       0 |   0.0 |      18 |       0 |   0.0
        D:5 |     483 |      76 |  13.6 |      19 |       2 |   9.5
        D:6 |     976 |     911 |  48.3 |      23 |       7 |  23.3
        D:7 |    1639 |     404 |  19.8 |      27 |       2 |   6.9
        D:8 |    1213 |       0 |   0.0 |      23 |       0 |   0.0
        D:9 |    2959 |     646 |  17.9 |      25 |       2 |   7.4
       D:10 |    2033 |     710 |  25.9 |      36 |       4 |  10.0
       D:11 |    3008 |       0 |   0.0 |      30 |       0 |   0.0
       D:12 |    1686 |       0 |   0.0 |      14 |       0 |   0.0
      Sewer |       0 |      67 | 100.0 |       0 |      20 | 100.0
            +---------+---------+-------+---------+---------+-------
